Map: Ulrena

Players

Brady - Winner!

  • Race: Terran Terran
  • League: Diamond

LilDicky

  • Race: Terran Terran
  • League: Diamond

VOD

http://www.twitch.tv/tumescentpie

Description

Time

  • Played on: Dec. 31, 2015, 2:03 p.m.
  • Length: 5:03
Show
View Real Time Build Order
Export as new Build Order

Brady Terran - Winner!

Build Orders:  

Get SALT Encoding   

  12  0:01  SCV  
  13  0:13  SCV  
  14  0:21  Supply Depot  
  14  0:25  SCV  
  15  0:37  Refinery  
  15  0:44  SCV, Barracks  
  16  0:57  SCV  
  17  1:09  SCV, Refinery  
  18  1:21  SCV  
  19  1:31  Reaper  
  20  1:33  Supply Depot, SCV  
  21  1:46  Factory  
  21  1:51  SCV  
  21  1:52  Barracks  
  22  2:03  Barracks Reactor  
  22  2:10  Orbital Command  
  22  2:29  Factory Tech Lab  
  22  2:33  Starport  
  22  2:38  SCV  
  22  2:40  Barracks Tech Lab  
  22  2:43  Marine x2  
  25  2:53  Siege Tank  
  30  3:06  Marine  
  30  3:08  Marine  
  30  3:12  Supply Depot  
  30  3:13  Supply Depot  
  30  3:16  Starport Reactor  
  30  3:31  SCV  
  31  3:36  Siege Tank  
  33  4:03  Marine x3  
  33  4:06  Medivac  
  38  4:19  Command Center  
  38  4:22  Engineering Bay  
Show
View Real Time Build Order
Export as new Build Order

LilDicky Terran 

Build Orders: 1/1/1, Liberator Opening 

Get SALT Encoding   

  12  0:01  SCV  
  13  0:13  SCV  
  14  0:22  Supply Depot  
  14  0:26  SCV  
  15  0:36  Refinery  
  15  0:44  SCV  
  15  0:48  Barracks  
  16  0:56  SCV  
  17  1:08  SCV  
  18  1:20  SCV  
  19  1:25  Refinery  
  19  1:35  Orbital Command  
  19  1:38  Marine  
  19  1:39  Factory  
  20  1:47  Supply Depot  
  20  1:56  Marine  
  20  2:00  SCV  
  22  2:12  SCV  
  22  2:14  Marine  
  24  2:24  SCV  
  24  2:26  Factory Tech Lab, Starport  
  25  2:32  Marine  
  25  2:36  SCV  
  27  2:45  Siege Tank  
  27  2:48  SCV  
  27  2:50  Supply Depot  
  31  2:55  Liberator  
  31  3:08  Supply Depot  
  31  3:12  SCV, Marine  
  36  3:17  Engineering Bay  
  36  3:23  Siege Tank  
  39  3:32  Supply Depot  
  39  3:34  SCV  
  39  3:36  Marine  
  39  3:40  Liberator  
  41  3:47  SCV  
  42  3:49  Missile Turret  
  45  4:08  Marine  
  46  4:12  Siege Tank  
  46  4:15  SCV, Supply Depot  
  50  4:20  Missile Turret  
  50  4:26  Marine  
  50  4:27  SCV  
Tags
 
Add a new tag
Caveats
  • Supply blocks, unpowered buildings, or Contaminate may cause inaccurate times.
  • Supply counts are checked every 10 seconds.